 Dungeon Crawl Stone Soup version 0.31.0-11-ge490571c62 (webtiles) character file.

Game seed: 3461787143626649531

1754 Ashen the Sneak (level 9, -1/65 HPs)
             Began as a Gnoll Enchanter on Feb 8, 2024.
             Slain by a gnoll
             ... wielding a +0 spear
              (2 damage)
             ... on level 6 of the Dungeon.
             The game lasted 00:15:23 (6044 turns).

Ashen the Sneak (Gnoll Enchanter)                   Turns: 6044, Time: 00:15:23

Health: -1/65      AC:  5    Str:  7    XL:     9   Next: 6%
Magic:  7/27       EV: 14    Int: 15    God:
Gold:   289        SH:  0    Dex: 17    Spells: 10/21 levels left

rFire   . . .        a - +1 dagger
rCold   . . .        (no shield)
rNeg    . . .        l - +0 leather armour
rPois   .            q - +1 hat
rElec   .            (no cloak)
rCorr   .            (no gloves)
SInv    .            i - +0 pair of boots
Will    .....        (no amulet)
Stlth   +++          o - ring of magical power
HPRegen 0.30/turn    p - ring of flight
MPRegen 0.20/turn

%: no passive effects
@: flying, invisible
A: fangs 1, strong nose, distributed training
a: no special abilities


You were on level 6 of the Dungeon.
You visited 2 branches of the dungeon, and saw 7 of its levels.

You collected 289 gold pieces.

Inventory:

Hand Weapons
 a - a +1 dagger (weapon)
Missiles
 v - 12 poisoned darts (quivered)
 y - a throwing net
Armour
 i - a +0 pair of boots (worn)
 l - a +0 leather armour (worn)
 q - a +1 hat (worn)
Jewellery
 o - a ring of magical power (left hand)
 p - a ring of flight (right hand)
 x - a ring of protection from cold
Wands
 n - a wand of mindburst (13)
 A - a wand of roots (8)
 B - a wand of flame (22)
Scrolls
 b - a scroll of silence {unknown}
 d - a scroll of revelation {unknown}
 g - 2 scrolls of teleportation {unknown}
 j - a scroll of fear {unknown}
 m - 6 scrolls of identify {unknown}
 r - a scroll of poison {unknown}
 t - 2 scrolls of vulnerability {unknown}
 u - 3 scrolls of noise {unknown}
 w - a scroll of immolation {unknown}
 D - a scroll of enchant weapon {unknown}
Potions
 c - 2 potions of invisibility
 e - 2 potions of brilliance {unknown}
 f - 2 potions of lignification {unknown}
 h - 6 potions of curing {unknown}
 k - 3 potions of degeneration {unknown}
 s - a potion of might {unknown}
 z - a potion of heal wounds {unknown}
 C - a potion of enlightenment {unknown}


   Skills:
 + Level 4.0 Fighting
 + Level 4.8 Short Blades
 + Level 4.0 Long Blades
 + Level 4.0 Axes
 + Level 4.0 Maces & Flails
 + Level 4.0 Polearms
 + Level 4.0 Staves
 + Level 4.0 Ranged Weapons
 + Level 4.0 Throwing
 + Level 4.0 Armour
 + Level 6.1 Dodging
 + Level 7.3 Stealth
 + Level 4.0 Shields
 + Level 4.0 Unarmed Combat
 + Level 6.5 Spellcasting
 + Level 3.3 Conjurations
 + Level 6.4 Hexes
 + Level 3.3 Summonings
 + Level 3.3 Necromancy
 + Level 3.3 Translocations
 + Level 3.3 Fire Magic
 + Level 3.3 Ice Magic
 + Level 3.3 Air Magic
 + Level 3.3 Earth Magic
 + Level 3.3 Alchemy
 + Level 4.4 Invocations
 + Level 4.0 Evocations
 + Level 3.6 Shapeshifting


You had 10 spell levels left.
You knew the following spells:

 Your Spells              Type           Power      Damage    Failure   Level
a - Ensorcelled Hibernat  Hex/Ice        38%        N/A       4%          2
b - Confusing Touch       Hex            24%        N/A       4%          3
c - Tukima's Dance        Hex            24%        N/A       4%          3
d - Dazzling Flash        Conj/Hex       38%        N/A       9%          3

Your spell library contained the following spells:

 Spells                   Type           Power      Damage    Failure   Level
 Slow                     Hex            96%        N/A       1%          1
 Sigil of Binding         Hex            24%        N/A       4%          3
 Blink                    Tloc           28%        N/A       8%          2
 Lesser Beckoning         Tloc           28%        N/A       8%          2
 Momentum Strike          Conj/Tloc      28%        3d8       8%          2
 Static Discharge         Conj/Air       28%        3-5/arc   8%          2
 Cause Fear               Hex            12%        N/A       14%         4
 Vampiric Draining        Necr           14%        2d7       16%         3
 Airstrike                Air            7%         2d(1-17)  45%         4
 Summon Lightning Spire   Summ/Air       14%        N/A       45%         4
 Fireball                 Conj/Fire      7%         3d5       82%         5
 Malign Gateway           Summ/Tloc      7%         N/A       100%        7
 Summon Horrible Things   Summ           7%         N/A       100%        8
 Dragon's Call            Summ           7%         N/A       100%        9


Dungeon Overview and Level Annotations

Branches:
Dungeon (6/15)             Temple (1/1) D:6

Altars:
Ashenzari
Cheibriados
Dithmenos
Elyvilon
Fedhas
Hepliaklqana
Kikubaaqudgha
Makhleb
Nemelex Xobeh
Okawaru
Qazlal
Ru
Sif Muna
Vehumet
Wu Jian
Yredelemnul
The Shining One

Shops:
D:2 !


Innate Abilities, Weirdness & Mutations

You have very sharp teeth.
Your uncanny sense of smell can sniff out nearby items.
Your experience applies equally to all skills.


Message History

The gnoll hits you with a +0 spear.
You hit the gnoll.
The gnoll is lightly wounded.
The gnoll is no longer blind. x2; The gnoll closely misses you.
The gnoll hits you with a +0 spear.
Casting: Dazzling Flash (dangerous; 9% risk of failure)
Confirm with . or Enter, or press ? or * to list all spells.
Casting: Dazzling Flash (dangerous; 9% risk of failure)
Press: ? - help, Dir - look around, f - activate The gnoll is dazzled. x2; The gnoll barely misses you.
The gnoll misses you.
You hit the gnoll.
The gnoll is moderately wounded.
The gnoll hits you with a +0 spear. x2
* * * LOW HITPOINT WARNING * * *
Unknown command.
You closely miss the gnoll. You bite the gnoll, but do no damage.
The gnoll is moderately wounded.
You hit the gnoll.
The gnoll is heavily wounded.
The gnoll hits you with a +0 spear.
* * * LOW HITPOINT WARNING * * *
The gnoll hits you but does no damage.
You barely miss the gnoll.
The gnoll is heavily wounded.
The gnoll is no longer blind.
The gnoll hits you with a +0 spear.
* * * LOW HITPOINT WARNING * * *
The gnoll hits you with a +0 spear.
* * * LOW HITPOINT WARNING * * *
Unknown command.
Casting: Dazzling Flash (dangerous; 9% risk of failure)
Confirm with . or Enter, or press ? or * to list all spells.
Casting: Dazzling Flash (dangerous; 9% risk of failure)
Press: ? - help, Dir - look around, f - activate The gnoll is dazzled.
The gnoll hits you but does no damage. The gnoll hits you with a +0 spear!
* * * LOW HITPOINT WARNING * * *
You fade into invisibility!
The gnoll barely misses you. The gnoll closely misses you.
The gnoll hits you from afar with a +0 spear.
You die...

##≈≈≈≈#####≈≈≈≈≈≈≈≈≈≈≈≈≈≈
#≈≈≈≈≈#...###############
#≈≈≈≈≈#...#......## ##...
##≈≈≈≈≈#)))#.......###....
#≈≈≈≈≈≈##'##........#.....
#≈≈≈≈≈≈≈#(..........#.....
#≈≈≈≈≈≈≈#...........'^....
##≈≈≈≈≈≈≈#.).........#.....
#≈≈≈≈≈≈≈##@##........#.....
#≈≈≈≈≈≈≈#...#.......###....
#≈≈≈≈≈≈≈#g.g#......## ##...
#≈≈≈≈≈≈≈#...########## ####
#≈≈≈≈≈≈≈#####≈≈≈≈≈≈≈≈≈ ≈≈≈
#≈≈~≈≈≈≈≈≈≈≈≈≈≈≈≈≈≈~~≈ ≈≈≈
#≈≈~~~~~≈~~~~~~~~~~~~~ ~~~
#~~~~~~))...~.~~~~~~~~ .~.
#..................... ...


You could see 2 gnolls.

Vanquished Creatures
  Sigmund (D:3)
  A water moccasin (D:5)
  Duvessa (D:4)
  An ice beast (D:6)
  A black bear (D:5)
  2 ogres (D:5)
  2 kobold brigands (D:6)
  4 wights (D:6)
  Dowan (D:4)
  2 electric eels (D:6)
  A howler monkey (D:6)
  3 hounds
  A jelly (D:5)
  A gnoll bouda (D:5)
  Terence (D:3)
  2 iguanas
  Natasha (D:4)
  An orc wizard (D:4)
  Robin (D:3)
  7 gnolls
  7 adders
  A dart slug (D:2)
  4 ribbon worms
  6 orcs
  7 bats
  7 endoplasms
  2 giant cockroaches
  10 goblins
  8 hobgoblins
  6 jackals
  7 quokkas
  6 ball pythons
  2 frilled lizards
  25 kobolds
  3 rats
136 creatures vanquished.

Vanquished Creatures (others)
  2 dancing weapons (D:6)
  A white imp (D:6)
3 creatures vanquished.

Grand Total: 139 creatures vanquished

Notes
Turn   | Place    | Note
-------+----------+-------------------------------------------
     0 | D:1      | Ashen the Gnoll Enchanter began the quest for the Orb.
     0 | D:1      | Reached XP level 1. HP: 13/13 MP: 6/6
   113 | D:1      | Reached XP level 2. HP: 19/19 MP: 7/7
   671 | D:2      | Learned a level 2 spell: Ensorcelled Hibernation
   808 | D:2      | Reached skill level 5 in Spellcasting
   808 | D:2      | Reached XP level 3. HP: 21/25 MP: 7/9
   925 | D:2      | Reached skill level 6 in Stealth
  1039 | D:2      | Reached skill level 1 in Invocations
  1057 | D:2      | Found Heemm's Distillery.
  1389 | D:2      | Learned a level 3 spell: Confusing Touch
  1393 | D:2      | Learned a level 3 spell: Tukima's Dance
  1397 | D:2      | Learned a level 3 spell: Dazzling Flash
  1732 | D:3      | Reached skill level 1 in Fighting
  1732 | D:3      | Reached skill level 1 in Long Blades
  1732 | D:3      | Reached skill level 1 in Axes
  1732 | D:3      | Reached skill level 1 in Maces & Flails
  1732 | D:3      | Reached skill level 1 in Polearms
  1732 | D:3      | Reached skill level 1 in Staves
  1732 | D:3      | Reached skill level 1 in Ranged Weapons
  1732 | D:3      | Reached skill level 1 in Throwing
  1732 | D:3      | Reached skill level 1 in Armour
  1732 | D:3      | Reached skill level 1 in Shields
  1732 | D:3      | Reached skill level 1 in Unarmed Combat
  1732 | D:3      | Reached skill level 1 in Evocations
  1823 | D:3      | Noticed Terence
  1830 | D:3      | Killed Terence
  1831 | D:3      | Reached skill level 1 in Shapeshifting
  1831 | D:3      | Reached XP level 4. HP: 32/32 MP: 11/11
  1846 | D:3      | Noticed Robin
  1922 | D:3      | Reached skill level 1 in Conjurations
  1922 | D:3      | Reached skill level 1 in Summonings
  1922 | D:3      | Reached skill level 1 in Necromancy
  1922 | D:3      | Reached skill level 1 in Translocations
  1922 | D:3      | Reached skill level 1 in Fire Magic
  1922 | D:3      | Reached skill level 1 in Ice Magic
  1922 | D:3      | Reached skill level 1 in Air Magic
  1922 | D:3      | Reached skill level 1 in Earth Magic
  1922 | D:3      | Reached skill level 1 in Alchemy
  1925 | D:3      | HP: 1/32 [orc/+0 war axe (5)]
  2159 | D:3      | Noticed Sigmund
  2163 | D:3      | Killed Sigmund
  2164 | D:3      | Reached XP level 5. HP: 38/38 MP: 12/12
  2164 | D:3      | Reached XP level 6. HP: 44/44 MP: 14/14
  2358 | D:3      | Reached skill level 5 in Dodging
  2765 | D:3      | Killed Robin
  2939 | D:3      | Found a faded altar of an unknown god.
  3082 | D:3      | Found a white marble altar of Elyvilon.
  3374 | D:4      | Noticed Duvessa
  3374 | D:4      | Noticed Dowan
  3390 | D:4      | Killed Duvessa
  3393 | D:4      | Killed Dowan
  3394 | D:4      | Reached XP level 7. HP: 40/51 MP: 15/15
  3500 | D:4      | Found a broken altar of Ashenzari.
  3501 | D:4      | Noticed Natasha
  3508 | D:4      | Killed Natasha
  3993 | D:4      | Found a radiant altar of Vehumet.
  4251 | D:5      | Entered Level 5 of the Dungeon
  4445 | D:5      | Reached XP level 8. HP: 33/58 MP: 1/16
  5412 | D:6      | Reached skill level 7 in Stealth
  5588 | D:6      | Found a staircase to the Ecumenical Temple.
  5596 | Temple   | Entered the Ecumenical Temple
  5861 | D:6      | Reached XP level 9. HP: 65/65 MP: 18/18
  6042 | D:6      | HP: 1/65 [gnoll/+0 spear (7)]
  6044 | D:6      | Slain by a gnoll

Illustrated notes

Levels and vault maps discovered:
D:1:      doesnt_arrival_eight_statues, layout_basic, minmay_tromino_v7
D:2:      layout_basic, serial_shops, nicolae_diamond_shop,
          serial_co_window_serial, co_window_paths_b,
          co_window_of_opportunity_a, co_window_paths_a, co_window_paths_a,
          co_window_of_opportunity_a, co_window_of_opportunity_b,
          co_window_unsneaky_path_e, co_window_paths_c, co_window_corner_b,
          co_window_of_opportunity_c, co_window_paths_c, glass_columns_b,
          glass_columns_b
D:3:      layout_basic, general_overflow_altar, nicolae_ecumenical_oubliette,
          minmay_liquid_box, kennysheep_generic_room_8, uniq_terence,
          uniq_sigmund, uniq_robin
D:4:      layout_gridville, ashenzari_altar_1,
          mainiacjoe_overflow_six_doors_small, uniq_natasha, uniq_duvessa
D:5:      layout_basic, minmay_misc_feat_chi, minmay_misc_feat_pillars
D:6:      minmay_goblin_kobold_castle, layout_basic, temple_green,
          minmay_stone_trees_small
Temple:   dpeg_chambers_temple

Skill      XL: |  1  2  3  4  5  6  7  8  9 |
---------------+----------------------------+-----
Spellcasting   | 5 6 |  6.5
Stealth        | 6 7 |  7.3
Invocations    | 1 2 3 4 |  4.4
Fighting       | 1 2 3 4 |  4.0
Long Blades    | 1 2 3 4 |  4.0
Axes           | 1 2 3 4 |  4.0
Maces & Flails | 1 2 3 4 |  4.0
Polearms       | 1 2 3 4 |  4.0
Staves         | 1 2 3 4 |  4.0
Ranged Weapons | 1 2 3 4 |  4.0
Throwing       | 1 2 3 4 |  4.0
Armour         | 1 2 3 4 |  4.0
Shields        | 1 2 3 4 |  4.0
Unarmed Combat | 1 2 3 4 |  4.0
Evocations     | 1 2 3 4 |  4.0
Shapeshifting  | 1 2 3 |  3.6
Conjurations   | 1 2 3 |  3.3
Summonings     | 1 2 3 |  3.3
Necromancy     | 1 2 3 |  3.3
Translocations | 1 2 3 |  3.3
Fire Magic     | 1 2 3 |  3.3
Ice Magic      | 1 2 3 |  3.3
Air Magic      | 1 2 3 |  3.3
Earth Magic    | 1 2 3 |  3.3
Alchemy        | 1 2 3 |  3.3
Short Blades   | 3 4 |  4.8
Dodging        | 5 6 |  6.1
Hexes          | 6 |  6.4

Action                     |  1- 3 |  4- 6 |  7- 9 || total
---------------------------+-------+-------+-------++-------
  Melee: Dagger            |    98 |    72 |   170 ||   340
         Bite              |     6 |     9 |    12 ||    27
         Punch             |     1 |       |     2 ||     3
   Cast: Ensorcelled Hiber |     9 |    35 |    45 ||    89
         Confusing Touch   |       |     1 |     6 ||     7
         Tukima's Dance    |       |       |     5 ||     5
         Dazzling Flash    |       |       |     9 ||     9
    Use: Potion            |       |     1 |     1 ||     2
   Stab: Sleeping          |    20 |    22 |    43 ||    85
         Invisible         |       |     3 |     5 ||     8
         Distracted        |       |     1 |       ||     1
         Confused          |       |       |     3 ||     3
 Armour: Robe              |    32 |       |       ||    32
         Leather armour    |     9 |    73 |    90 ||   172
  Dodge: Dodged            |    73 |    91 |   135 ||   299
